 Dungeon Crawl Stone Soup version 0.27.0-1-g7a08968 (webtiles) character file.

Game seed: 14835130198027257569

94081 NeuroWinter the Tortoise (level 16, -23/151 HPs)
             Began as a Hill Orc Monk on Aug 16, 2021.
             Was the Champion of Beogh.
             Killed from afar by a thorn hunter (25 damage)
             ... with a volley of thorns
             ... on level 4 of the Swamp on Aug 18, 2021.
             The game lasted 01:57:59 (35587 turns).

NeuroWinter the Tortoise (Hill Orc Monk)           Turns: 35587, Time: 01:58:00

Health: -23/151    AC: 25    Str: 33    XL:     16   Next: 10%
Magic:  18/20      EV:  9    Int:  6    God:    Beogh [******]
Gold:   2825       SH: 31    Dex: 13    Spells: 15/15 levels left

rFire    . . .     SeeInvis .   n - +8 mithril axe "Arga" {speed, Will+}
rCold    . . .     Faith    .   T - +10 tower shield of Ignorance {rN+ Int-4}
rNeg     + . .     Spirit   .   r - +3 swamp dragon scales
rPois    +         Reflect  .   Z - +1 helmet
rElec    .         Harm     .   M - +2 cloak
rCorr    .         Rampage  .   X - +0 pair of gloves
Will     ++...                  Y - +0 pair of boots
Stlth    +.........             l - amulet of regeneration
HPRegen  1.35/turn              c - +6 ring of strength
MPRegen  0.17/turn              a - +6 ring of strength

@: about to teleport, marked
A: walk on water
a: Renounce Religion, Smiting, Recall Orcish Followers, Give Item to Named
Follower, Resurrection


You were on level 4 of the Swamp.
You worshipped Beogh.
Beogh was exalted by your worship.
You visited 5 branches of the dungeon, and saw 27 of its levels.
You also visited: Ossuary.

You collected 3116 gold pieces.
You spent 291 gold pieces at shops.

Inventory:

Hand Weapons
 n - the +8 mithril axe "Arga" (weapon) {speed, Will+}
   (You found it on level 6 of the Lair of Beasts)

   Attacks with this weapon are significantly faster.
   Will:      It increases your willpower.
Missiles
 h - 661 stones
 p - a throwing net {@!f}
 q - 118 poisoned darts (quivered)
Armour
 r - +3 swamp dragon scales (worn)
 M - a +2 cloak (worn)
 T - the +10 tower shield of Ignorance (worn) {rN+ Int-4}
   (You found it on level 10 of the Dungeon)

   Int:       It affects your intelligence (-4).
   rN:        It protects you from negative energy.
 X - a +0 pair of gloves (worn)
 Y - a +0 pair of boots (worn)
 Z - a +1 helmet (worn)
Jewellery
 a - a +6 ring of strength (right hand)
 c - a +6 ring of strength (left hand)
 e - a ring of see invisible
 l - an amulet of regeneration (around neck)
 o - a ring of fire
 I - a ring of ice
 Q - a ring of ice
Wands
 b - a wand of digging (17)
 m - a wand of iceblast (29)
 x - a wand of acid (40)
 A - a wand of polymorph (10)
 O - a wand of flame (29)
 P - a wand of charming (12)
 W - a wand of paralysis (28)
Scrolls
 f - 3 scrolls of fog
 g - a scroll of blinking
 i - 2 scrolls of identify
 j - a scroll of holy word
 k - a scroll of fear
 t - 10 scrolls of teleportation
 w - a scroll of enchant weapon
 y - a scroll of silence
 D - 7 scrolls of amnesia
 F - 4 scrolls of summoning
 G - 6 scrolls of magic mapping
 R - a scroll of enchant armour
Potions
 s - a potion of magic
 u - 4 potions of flight
 v - 11 potions of ambrosia
 z - 8 potions of curing
 C - 3 potions of might
 E - 6 potions of haste
 H - a potion of invisibility
 J - 3 potions of berserk rage
 K - 4 potions of cancellation
 L - 2 potions of mutation
 N - 2 potions of attraction
 S - a potion of resistance
 U - a potion of lignification
Miscellaneous
 d - a phantom mirror
 B - a box of beasts
 V - a condenser vane


   Skills:
 + Level 15.8 Fighting
 + Level 17.0 Axes
 + Level 17.5 Armour
 - Level 2.4 Dodging
 - Level 1.5 Stealth
 * Level 12.4 Shields
 + Level 6.5 Invocations


You had 15 spell levels left.
You didn't know any spells.
Your spell library contained the following spells:

 Spells                   Type           Power      Damage    Failure   Level
 Animate Skeleton         Necr           0%         N/A       97%         1
 Foxfire                  Conj/Fire      0%         2x1d4     97%         1
 Magic Dart               Conj           0%         1d3       97%         1
 Pain                     Necr           0%         1d4       97%         1
 Shock                    Conj/Air       0%         1d3       97%         1
 Searing Ray              Conj           0%         3d3       99%         2
 Sublimation of Blood     Necr           0%         N/A       99%         2
 Wereblood                Tmut           0%         N/A       99%         2
 Call Canine Familiar     Summ           0%         N/A       100%        3
 Conjure Flame            Conj/Fire      0%         6-21      100%        3
 Frozen Ramparts          Ice            0%         1d2       100%        3
 Ignite Poison            Fire/Tmut/Pois 0%         N/A       100%        3
 Inner Flame              Hex/Fire       0%         N/A       100%        3
 Mephitic Cloud           Conj/Pois/Air  0%         N/A       100%        3
 Portal Projectile        Hex/Tloc       0%         N/A       100%        3
 Swiftness                Air            0%         N/A       100%        3
 Vampiric Draining        Necr           0%         2d6       100%        3
 Airstrike                Air            0%         N/A       100%        4
 Fulminant Prism          Conj/Hex       0%         3d6       100%        4
 Hailstorm                Conj/Ice       0%         3d3       100%        4
 Ice Form                 Ice/Tmut       0%         N/A       100%        4
 Iskenderun's Mystic Bla  Conj/Tloc      0%         2d3       100%        4
 Leda's Liquefaction      Hex/Erth       0%         N/A       100%        4
 Petrify                  Tmut/Erth      0%         N/A       100%        4
 Summon Ice Beast         Ice/Summ       0%         N/A       100%        4
 Summon Lightning Spire   Summ/Air       0%         N/A       100%        4
 Blade Hands              Tmut           0%         N/A       100%        5
 Bolt of Magma            Conj/Fire/Erth 0%         4d4       100%        5
 Excruciating Wounds      Necr           0%         N/A       100%        5
 Irradiate                Conj/Tmut      0%         3d13      100%        5
 Lee's Rapid Deconstruct  Erth           0%         3d5*      100%        5
 Summon Mana Viper        Hex/Summ       0%         N/A       100%        5
 Simulacrum               Ice/Necr       0%         N/A       100%        6
 Statue Form              Tmut/Erth      0%         N/A       100%        6
 Haunt                    Necr/Summ      0%         N/A       100%        7
 Summon Hydra             Summ           0%         N/A       100%        7


Dungeon Overview and Level Annotations

Branches:
Dungeon (14/15) Temple (1/1) D:5 Lair (6/6) D:9 Swamp (4/4) Lair:3 Snake (0/4) Lair:3 Slime (0/5) Lair:6 Orc (2/2) D:9 Elf (0/3) Orc:1 Orc:2 Ossuary (visited) Vaults: D:13-14

Altars:
Ashenzari
Cheibriados
Dithmenos
Elyvilon
Fedhas
Gozag
Hepliaklqana
Kikubaaqudgha
Makhleb
Nemelex Xobeh
Okawaru
Qazlal
Ru
Sif Muna
Trog
Uskayaw
Vehumet
Wu Jian
Xom
Yredelemnul
Zin
The Shining One
Jiyva

Shops:
D:3 *   D:6 ?   D:7 ?   D:8 =   Orc:2 :**[[

Annotations:
D:10 3 runed translucent doors, exclusion: ice statue, momijiyamamura's ghost, journeyman DrTm
D:12 1 runed translucent door, collin38's ghost, journeyman MiBe
Lair:3 3 runed translucent doors, yakattack's ghost, journeyman MiFi
Lair:4 exclusion: oklob plant


Message History

Morbeogh unwields a +0 arbalest.
Morbeogh wields a +2 executioner's axe of freezing.
It glows with a cold blue light!
Morbeogh hits the eight-headed hydra with a +2 executioner's axe of freezing.
The eight-headed hydra seems to slow down.
Morbeogh freezes the eight-headed hydra.
Morbeogh hits the four-headed hydra with a +2 executioner's axe of freezing!!
Morbeogh freezes the four-headed hydra.
The four-headed hydra dies!
Beogh accepts your kill.
You can now revive fallen orcs.
Your Axes skill increases to level 17!
The eight-headed hydra bites Morbeogh.
The eight-headed hydra bites Morbeogh but does no damage.
The eight-headed hydra barely misses Morbeogh.
The eight-headed hydra bites Morbeogh.
The eight-headed hydra bites Morbeogh but does no damage.
The eight-headed hydra bites Morbeogh!
The eight-headed hydra bites Morbeogh but does no damage.
The eight-headed hydra barely misses Morbeogh.
The eight-headed hydra closely misses Morbeogh.
The eight-headed hydra bites Morbeogh. x3
Morbeogh dies!
The thorn hunter gestures.
Thorny briars emerge from the ground!
A four-headed hydra comes into view.
The eight-headed hydra is no longer moving slowly.
The spriggan rider looks more healthy.
You block the spriggan rider's attack. You block the thorn hunter's attack.
The thorn hunter hits you but does no damage.
An eight-headed hydra comes into view.
You block the 12-headed hydra's attack. x3
The 12-headed hydra bites you but does no damage.
The 12-headed hydra bites you.
* * * LOW HITPOINT WARNING * * *
The 12-headed hydra closely misses you.
The 12-headed hydra bites you but does no damage.
The 12-headed hydra closely misses you.
The 12-headed hydra bites you but does no damage. x2
You block the 12-headed hydra's attack. The 12-headed hydra barely misses you.
You slice one of the 12-headed hydra's heads off!
The 11-headed hydra grows two more!
You slice the 13-headed hydra!!
The 13-headed hydra is heavily wounded.
You slash the thorn hunter!
You slice one of the eight-headed hydra's heads off!
The seven-headed hydra grows two more!
You slash the nine-headed hydra!
You block the nine-headed hydra's attack. x3
The nine-headed hydra bites you but does no damage.
The nine-headed hydra misses you.
The nine-headed hydra barely misses you.
You block the nine-headed hydra's attack. x2
The nine-headed hydra bites you but does no damage.
The spriggan rider closely misses you.
The thorn hunter fires a volley of thorns at you.
The volley of thorns hits you!!
* * * LOW HITPOINT WARNING * * *
You chop one of the 13-headed hydra's heads off!
The 12-headed hydra grows two more!
You slash the 14-headed hydra!
The 14-headed hydra is heavily wounded.
You lop one of the nine-headed hydra's heads off!
The eight-headed hydra grows two more!
You slash the ten-headed hydra!
You hit the thorn hunter but do no damage.
You block the 14-headed hydra's attack. x4; The 14-headed hydra misses you.
The 14-headed hydra closely misses you. The 14-headed hydra barely misses you.
The 14-headed hydra bites you but does no damage. x4
You block the 14-headed hydra's attack.
The 14-headed hydra bites you but does no damage.
You block the 14-headed hydra's attack.
You block the ten-headed hydra's attack.
The ten-headed hydra bites you but does no damage. x2
The ten-headed hydra closely misses you.
The ten-headed hydra bites you!
* * * LOW HITPOINT WARNING * * *
The ten-headed hydra bites you but does no damage.
The ten-headed hydra bites you!
* * * LOW HITPOINT WARNING * * *
The ten-headed hydra bites you but does no damage. x2
The ten-headed hydra barely misses you.
The thorn hunter fires a volley of thorns at you.
The volley of thorns hits you!!
* * * LOW HITPOINT WARNING * * *
You block the spriggan rider's attack.
A shambling mangrove comes into view.
As you read the scroll of teleportation, it crumbles to dust.
You feel strangely unstable.
You block the 14-headed hydra's attack. x2
The 14-headed hydra bites you!
* * * LOW HITPOINT WARNING * * *
You block the 14-headed hydra's attack. x2
The 14-headed hydra bites you but does no damage.
You block the 14-headed hydra's attack.
The 14-headed hydra bites you but does no damage.
You block the 14-headed hydra's attack.
The 14-headed hydra bites you but does no damage.
You block the 14-headed hydra's attack.
The 14-headed hydra completely misses you.
The 14-headed hydra barely misses you.
The 14-headed hydra bites you but does no damage.
A spriggan druid comes into view. It is wielding a +0 quarterstaff.
The thorn hunter fires a volley of thorns at you.
The volley of thorns hits you!!
You die...

♣♣♣≈.≈o♣♣ ≈≈≈≈.♣
.♣♣♣≈≈.≈♣ ♣♣♣.PPP
.♣≈.≈≈≈≈♣ ♣♣PP≈PP♣
≈♣♣.≈≈≈.♣♣♣♣♣≈≈.♣≈≈♣
≈♣♣.≈≈≈.♣♣≈.≈≈≈.♣≈≈♣
.♣♣♣....≈..≈≈.≈≈≈.≈♣
..♣..≈≈≈♣≈§≈≈.≈..♣♣
..♣♣..♣##♣♣≈≈≈)n..♣
.♣♣.≈♣ #♣♣.≈D@.♣
.♣≈≈♣ #♣.Df♣♣ ≈.≈♣
#♣DDi♣♣ ≈≈♣# ♣DDD≈♣
♣♣ ^.# #♣DD♣♣♣♣♣P♣♣
≈♣# #♣Dw)♣.♣≈PP♣ .♣
♣D)††[≈..PP♣ ≈≈#
♣kfi..DD≈P.♣ ≈≈♣
♣.○.......≈..♣


You could see a thorn hunter, a shambling mangrove, a 14-headed hydra, a
12-headed hydra, a ten-headed hydra, 2 eight-headed hydras, a seven-headed
hydra, a six-headed hydra, a four-headed hydra, 3 swamp dragons, a tyrant leech,
a spriggan rider, a spriggan druid, a bog body and a swamp drake.

Vanquished Creatures
  A thorn hunter (Swamp:4)
  Kirke (Swamp:4)
  A fenstrider witch (Swamp:4)
  3 bunyips
  2 eleionomae (Swamp:4)
  Fannar (Orc:1)
  5 hydras
  A boulder beetle (D:12)
  A spriggan air mage (Swamp:4)
  A deep troll shaman (Lair:6)
  6 two-headed ogres
  4 alligators
  4 death yaks
  A spriggan berserker (Swamp:4)
  A goliath frog (Swamp:3)
  A spriggan druid (Swamp:3)
  2 swamp dragons
  2 bog bodies (Swamp:1)
  2 orc knights
  An orc sorcerer (D:12)
  2 ugly things (D:12)
  5 elephants
  A black mamba (Lair:5)
  A torpor snail (Lair:6)
  2 unseen horrors (D:12)
  A gargoyle (D:12)
  6 cane toads
  5 komodo dragons
  A meliai (Lair:4)
  4 polar bears
  5 trolls
  4 hornets
  4 tyrant leeches
  8 blink frogs
  3 wraiths
  3 spriggans
  2 wyverns
  8 yaks
  4 vampire mosquitoes
  3 hogs (Swamp:4)
  A steam dragon (Lair:2)
  3 wargs
  A naga (Lair:3)
  7 swamp worms
  An acid dragon (D:12)
  4 water moccasins
  A swamp drake (Swamp:2)
  2 sky beasts (D:8)
  3 orc warriors
  3 black bears
  A necrophage (D:5)
  3 wolves
  A centaur (D:12)
  7 ogres
  A kobold brigand (D:7)
  2 scorpions
  A gnoll sergeant (D:8)
  5 bullfrogs
  5 killer bees
  3 wights (D:7)
  3 howler monkeys
  A bullfrog zombie (D:6)
  4 centaur zombies
  A gnoll shaman (Orc:1)
  2 hounds
  5 orc priests
  3 jellies
  A centaur skeleton (D:6)
  6 iguanas
  4 orc wizards
  2 hell rats (Lair:2)
  2 ogre zombies (Ossuary)
  A hound skeleton (D:4)
  7 mummies (Ossuary)
  A howler monkey zombie (D:8)
  7 gnolls
  7 river rats (Lair:2)
  9 adders
  3 adder zombies (Ossuary)
  A dart slug (D:1)
  14 orcs
  9 ball pythons
  10 endoplasms
  2 giant cockroaches
  7 goblins
  3 hobgoblins
  6 jackals (D:2)
  2 quokkas (D:4)
  3 bats
  A frilled lizard (D:2)
  4 goblin zombies (Ossuary)
  A hobgoblin zombie (Ossuary)
  10 kobolds
  4 kobold zombies (Ossuary)
  A quokka skeleton (D:3)
  8 quokka zombies (Ossuary)
  5 rats (D:1)
  5 rat zombies (Ossuary)
  4 briar patches (Swamp:4)
  A butterfly (D:5)
338 creatures vanquished.

Vanquished Creatures (collateral kills)
  Nikola (Swamp:2)
  A tentacled monstrosity (Swamp:2)
  Frances (Swamp:2)
  An azure jelly (Lair:6)
  4 rockslimes (Lair:6)
  An orc warlord (Orc:1)
  A fenstrider witch (Swamp:3)
  A quicksilver ooze (shapeshifter) (D:12)
  4 bunyips
  An eleionoma (Swamp:1)
  Josephine (D:11)
  A shambling mangrove (Swamp:1)
  2 ghost crabs (Swamp:3)
  13 hydras
  A boulder beetle (D:12)
  2 catoblepae
  A spriggan air mage (Swamp:2)
  A centaur warrior (D:12)
  An alligator (shapeshifter) (D:12)
  3 alligators (Swamp:2)
  14 death yaks
  An orc high priest (Orc:2)
  Sonja (D:11)
  Nergalle (Lair:4)
  A goliath frog (Swamp:1)
  A spriggan druid (Swamp:2)
  3 swamp dragons
  2 bog bodies
  An orc sorcerer (Orc:2)
  A lindwurm (Lair:6)
  2 will-o-the-wisps
  5 elephants
  A centaur zombie (D:11)
  3 black mambas
  8 cane toads
  2 kobold demonologists
  3 komodo dragons
  Maggie (D:7)
  A queen bee (Lair:4)
  2 trolls
  2 meliai (Lair:4)
  3 polar bears
  A bloated husk (Swamp:4)
  8 hornets
  Grinder (D:6)
  6 tyrant leeches
  5 slime creatures
  8 blink frogs
  7 spriggans
  A shadow (D:12)
  A vampire (D:12)
  2 wraiths
  3 basilisks
  A hog (Swamp:4)
  3 wyverns
  10 yaks
  A fire bat (shapeshifter) (D:12)
  2 steam dragons (D:8)
  3 vampire mosquitoes
  4 wargs
  2 nagas (Lair:3)
  4 swamp worms
  An acid dragon (D:12)
  13 water moccasins
  8 orc warriors
  4 ogres
  A swamp drake (Swamp:3)
  2 wolves (Lair:6)
  2 centaurs
  3 kobold brigands (D:8)
  8 bullfrogs
  A scorpion (D:5)
  2 gnoll sergeants
  22 killer bees (Lair:4)
  A wight (D:7)
  2 howler monkeys
  3 jellies (Lair:6)
  6 orc priests
  7 orc wizards
  2 iguanas (D:7)
  6 gnolls
  3 river rats (Lair:2)
  An adder (D:6)
  6 orcs
  5 kobolds
  A rat (Lair:2)
  A briar patch (Swamp:4)
285 creatures vanquished.

Vanquished Creatures (others)
  2 orc warlords
  3 orc knights
  3 orc high priests
  4 orc sorcerers
  A bog body (Swamp:1)
  2 bloated husks
  A spriggan (Swamp:1)
  A hog (Swamp:4)
  16 orc warriors
  A vampire mosquito (Swamp:1)
  17 orc priests
  12 orc wizards
  38 orcs
  A giant cockroach (D:4)
  23 foxfires
  60 fungi
  79 plants
264 creatures vanquished.

Grand Total: 887 creatures vanquished

Notes
Turn   | Place    | Note
-------+----------+-------------------------------------------
     0 | D:1      | NeuroWinter the Hill Orc Monk began the quest for the Orb.
     0 | D:1      | Reached XP level 1. HP: 19/19 MP: 1/1
   544 | D:1      | Reached XP level 2. HP: 27/27 MP: 2/2
   838 | D:1      | Reached skill level 1 in Armour
  1300 | D:1      | Reached XP level 3. HP: 26/33 MP: 3/3
  1657 | D:2      | Reached XP level 4. HP: 41/41 MP: 4/4
  1860 | D:2      | Reached skill level 5 in Axes
  1897 | D:2      | Found a faded altar of an unknown god.
  2328 | D:3      | Reached XP level 5. HP: 47/47 MP: 5/5
  2406 | D:3      | Reached skill level 5 in Fighting
  2527 | D:3      | Found Refow's Assorted Antiques.
  2735 | D:4      | Noticed an ogre
  3022 | D:4      | Reached XP level 6. HP: 52/56 MP: 6/6
  3085 | D:4      | Became a worshipper of Beogh the Brigand
  3085 | D:4      | Reached * piety under Beogh
  3085 | D:4      | Reached ** piety under Beogh
  3115 | D:4      | Reached XP level 7. HP: 55/62 MP: 7/7
  3256 | D:4      | Found a sand-covered staircase.
  3263 | Ossuary  | Entered an ossuary
  3542 | Ossuary  | Reached skill level 5 in Armour
  3592 | Ossuary  | Reached *** piety under Beogh
  3934 | D:5      | Entered Level 5 of the Dungeon
  4098 | D:5      | Found a staircase to the Ecumenical Temple.
  4105 | Temple   | Entered the Ecumenical Temple
  4300 | D:5      | Reached XP level 8. HP: 71/71 MP: 8/8
  5059 | D:6      | Found an iron altar of Okawaru.
  5066 | D:6      | Found Coqughet's Magic Scroll Boutique.
  5077 | D:6      | Bought a scroll of identify for 26 gold pieces
  5077 | D:6      | Bought a scroll of identify for 26 gold pieces
  5077 | D:6      | Bought a scroll of identify for 26 gold pieces
  5077 | D:6      | Bought a scroll of identify for 26 gold pieces
  5077 | D:6      | Identified a scroll of acquirement
  5158 | D:6      | Acquired a +0 executioner's axe of freezing
  5435 | D:6      | Noticed Grinder
  5450 | D:6      | Paralysed by Grinder for 2 turns
  5452 | D:6      | Killed Grinder
  6151 | D:7      | Noticed Maggie
  6151 | D:7      | Paralysed by Maggie for 3 turns
  6158 | D:7      | Paralysed by Maggie for 6 turns
  6162 | D:7      | Noticed a hornet
  6401 | D:7      | Paralysed by a hornet for 2 turns
  6403 | D:7      | Killed a hornet
  6404 | D:7      | Reached XP level 9. HP: 45/81 MP: 9/9
  6961 | D:7      | Killed Maggie
  7228 | D:7      | Reached **** piety under Beogh
  7466 | D:8      | Found Nypil's Jewellery Emporium.
  7977 | D:8      | Reached skill level 10 in Armour
  8249 | D:8      | Noticed a kobold demonologist
  8256 | D:8      | Killed a kobold demonologist
  8257 | D:8      | Reached skill level 10 in Axes
  8257 | D:8      | Reached XP level 10. HP: 91/91 MP: 10/10
  8616 | D:8      | Gained Gorm as an ally
  8710 | D:8      | Noticed a two-headed ogre
  8712 | D:8      | Killed a two-headed ogre
  8720 | D:8      | Noticed a two-headed ogre
  8724 | D:8      | Gained Koronagh as an ally
  8725 | D:8      | Killed a two-headed ogre
  8726 | D:8      | Reached skill level 10 in Fighting
  9322 | D:9      | Gained Norbak as an ally
  9482 | D:9      | Found a staircase to the Lair.
  9721 | D:9      | Noticed a two-headed ogre
  9725 | D:9      | Killed a two-headed ogre
 10085 | D:9      | Found a staircase to the Orcish Mines.
 10279 | Lair:1   | Entered Level 1 of the Lair of Beasts
 10322 | Lair:1   | Reached XP level 11. HP: 101/101 MP: 11/11
 10327 | Lair:1   | Noticed a five-headed hydra
 10330 | Lair:1   | Noticed a death yak
 10334 | Lair:1   | Noticed a death yak
 10335 | Lair:1   | Killed an eight-headed hydra
 10338 | Lair:1   | Noticed a death yak
 10338 | Lair:1   | Noticed a death yak
 10339 | Lair:1   | Killed a death yak
 10344 | Lair:1   | Killed a death yak
 10346 | Lair:1   | Killed a death yak
 10348 | Lair:1   | Killed a death yak
 10349 | Lair:1   | Your ally Koronagh died
 11383 | Lair:1   | Noticed a six-headed hydra
 11388 | Lair:1   | Killed a seven-headed hydra
 12871 | Lair:2   | Noticed a six-headed hydra
 12877 | Lair:2   | Killed an eight-headed hydra
 13078 | Lair:2   | Reached ***** piety under Beogh
 13195 | Lair:2   | Noticed a six-headed hydra
 13203 | Lair:2   | Killed a ten-headed hydra
 13204 | Lair:2   | Reached XP level 12. HP: 46/112 MP: 12/12
 14243 | Lair:3   | Found a runed translucent gate.
 14243 | Lair:3   | Found a runed translucent gate.
 14247 | Lair:3   | Found a runed translucent gate.
 14249 | Lair:3   | Noticed yakattack's ghost (journeyman MiFi)
 14378 | Lair:3   | Found a staircase to the Snake Pit.
 14750 | Lair:3   | Found a staircase to the Swamp.
 15705 | D:10     | Entered Level 10 of the Dungeon
 16068 | D:10     | Found a runed translucent gate.
 16068 | D:10     | Found a runed translucent gate.
 16069 | D:10     | Found a runed translucent gate.
 16072 | D:10     | Noticed momijiyamamura's ghost (journeyman DrTm)
 16072 | D:10     | Noticed a nine-headed hydra
 16090 | D:10     | Found the +10 tower shield of Ignorance {rN+ Int-4}
 16828 | D:11     | Noticed Josephine
 16834 | D:11     | Killed Josephine
 16860 | D:11     | Acquired 857 gold pieces
 16900 | D:11     | Noticed Sonja
 16903 | D:11     | Killed Sonja
 16958 | D:11     | You fall into a shaft and drop 3 floors!
 16968 | D:14     | Noticed a two-headed ogre
 17468 | D:11     | Found a shadowy altar of Dithmenos.
 18637 | D:12     | Noticed a two-headed ogre
 18642 | D:12     | Noticed a four-headed hydra
 18643 | D:12     | Killed a two-headed ogre
 18646 | D:12     | Noticed a centaur warrior
 18651 | D:12     | Noticed a boulder beetle
 18652 | D:12     | Killed a centaur warrior
 18652 | D:12     | Your ally Norbak died
 18654 | D:12     | Killed a seven-headed hydra
 18654 | D:12     | Noticed a seven-headed hydra
 18655 | D:12     | Reached skill level 15 in Armour
 18657 | D:12     | Killed a boulder beetle
 18657 | D:12     | Noticed a two-headed ogre
 18658 | D:12     | Killed an eight-headed hydra
 18665 | D:12     | Killed a two-headed ogre
 18665 | D:12     | Noticed a boulder beetle
 18674 | D:12     | Killed a boulder beetle
 18752 | D:12     | Noticed an eight-headed hydra
 18767 | D:12     | Killed a 13-headed hydra
 18769 | D:12     | Reached XP level 13. HP: 81/122 MP: 13/13
 18793 | D:12     | Noticed a fire dragon
 18798 | D:12     | a fire dragon changed into an alligator
 18798 | D:12     | Noticed a quicksilver ooze
 18802 | D:12     | Gained Okrist as an ally
 18808 | D:12     | Killed a quicksilver ooze
 19462 | D:12     | Found a runed translucent door.
 19462 | D:12     | Noticed collin38's ghost (journeyman MiBe)
 19593 | D:12     | Reached skill level 1 in Shields
 20140 | D:12     | Found the +11 plutonium sword {Contam Stlth-}
 20168 | D:12     | Got Sif Muna's Collected Works on the Entourage
 21249 | Lair:4   | Gained Brunolf as an ally
 21627 | Lair:4   | Reached skill level 5 in Shields
 21692 | Lair:4   | Gained Garbold as an ally
 22200 | Lair:4   | Noticed Nergalle
 22205 | Lair:4   | Killed Nergalle
 22972 | Lair:5   | Reached skill level 15 in Axes
 22988 | Lair:5   | Gained Morbeogh as an ally
 23735 | Lair:5   | Reached XP level 14. HP: 132/132 MP: 14/14
 24224 | Lair:6   | Entered Level 6 of the Lair of Beasts
 24599 | Lair:6   | Found a staircase to the Slime Pits.
 24599 | Lair:6   | Found a viscous altar of Jiyva.
 24824 | Lair:6   | Gained Geork as an ally
 24873 | Lair:6   | Your ally Gorm died
 24888 | Lair:6   | Your ally Okrist died
 24896 | Lair:6   | Your ally Geork died
 25166 | Lair:6   | Found the +8 mithril axe "Arga" {speed, Will+}
 25196 | Lair:6   | Identified the +3 fustibalus of Cokolom {venom, rElec rF+
                  | SInv}
 25202 | Lair:6   | Identified the +1 leather armour of Eppaucul {*Corrode Fly
                  | rElec Will- Int+8}
 25312 | Lair:6   | Reached ****** piety under Beogh
 25867 | Orc:1    | Entered Level 1 of the Orcish Mines
 26784 | Lair:6   | Noticed a rockslime
 26803 | Lair:6   | Killed a rockslime
 26807 | Lair:6   | Noticed a rockslime
 26808 | Lair:6   | Noticed an azure jelly
 26809 | Lair:6   | Noticed a rockslime
 26813 | Lair:6   | Noticed a rockslime
 26815 | Lair:6   | Killed a rockslime
 26820 | Lair:6   | Killed a rockslime
 26824 | Lair:6   | Killed an azure jelly
 26825 | Lair:6   | Killed a rockslime
 27297 | Orc:1    | Noticed Fannar
 27311 | Orc:1    | Killed Fannar
 27568 | Orc:1    | Noticed an orc warlord
 27580 | Orc:1    | Killed an orc warlord
 28574 | Orc:2    | Entered Level 2 of the Orcish Mines
 28574 | Orc:2    | Found a staircase to the Elven Halls.
 28598 | Orc:2    | Found Xoempup's Antique Armour Boutique.
 28598 | Orc:2    | Found Dokitak's Book Shop.
 28598 | Orc:2    | Found Bick's General Store.
 28598 | Orc:2    | Gained Ogrik as an ally
 28630 | Orc:2    | Found Qaosijeg's General Store.
 29379 | Orc:2    | Found Icvothr Kint's Antique Armour Shoppe.
 29389 | Orc:2    | Bought a shiny helmet for 187 gold pieces
 30845 | Swamp:1  | Entered Level 1 of the Swamp
 30853 | Swamp:1  | Reached skill level 10 in Shields
 31067 | Swamp:1  | Gained Ogrik as an ally
 31068 | Swamp:1  | Reached skill level 1 in Invocations
 31222 | Swamp:1  | Reached skill level 15 in Fighting
 31222 | Swamp:1  | Reached XP level 15. HP: 125/141 MP: 14/16
 31232 | Swamp:1  | Your ally Ogrik died
 31232 | Swamp:1  | Your ally Brunolf died
 31234 | Swamp:1  | Gained Boldo as an ally
 32262 | Swamp:2  | Noticed Nikola
 32264 | Swamp:2  | Killed Nikola
 32272 | Swamp:2  | Your ally Garbold died
 32320 | Swamp:2  | Noticed a tentacled monstrosity
 32326 | Swamp:2  | Killed a tentacled monstrosity
 32340 | Swamp:2  | Noticed Frances
 32347 | Swamp:2  | Killed Frances
 32633 | Swamp:2  | Identified the +6 war axe "Orb Guardian's Death" {pain,
                  | rElec rPois Str+2}
 33169 | Swamp:3  | Gained Judas as an ally
 33516 | Swamp:3  | Reached skill level 5 in Invocations
 33564 | Swamp:3  | Noticed a fenstrider witch
 33567 | Swamp:3  | Killed a fenstrider witch
 33568 | Swamp:3  | Your ally Ogrik died
 33620 | Swamp:3  | Your ally Boldo died
 33624 | Swamp:3  | Your ally Judas died
 34431 | Swamp:4  | Entered Level 4 of the Swamp
 34454 | Swamp:4  | Gained Horkud as an ally
 34462 | Swamp:4  | Your ally Horkud died
 35124 | Swamp:4  | Noticed a fenstrider witch
 35131 | Swamp:4  | Killed a fenstrider witch
 35390 | Swamp:4  | Noticed a thorn hunter
 35404 | Swamp:4  | Killed a thorn hunter
 35551 | Swamp:4  | Noticed Kirke
 35554 | Swamp:4  | Noticed a sphinx
 35558 | Swamp:4  | Reached XP level 16. HP: 150/150 MP: 14/20
 35561 | Swamp:4  | Noticed a thorn hunter
 35564 | Swamp:4  | Killed Kirke
 35580 | Swamp:4  | Your ally Morbeogh died
 35587 | Swamp:4  | HP: 2/151 [14-headed hydra (10)]
 35587 | Swamp:4  | Killed from afar by a thorn hunter

Illustrated notes

Levels and vault maps discovered:
D:1:      nzn_arrival_depleted_hourglass, layout_basic
D:2:      layout_rooms, hellmonk_ecumenical_altar_inner_sanctum,
          kennysheep_generic_room_11
D:3:      layout_rooms, serial_shops, shop
D:4:      layout_basic, lightli_ossuary_entry_decrepit_ruins
D:5:      layout_basic, minmay_temple_entry_butterflies
D:6:      layout_gridville, okawaru_trees_2, serial_shops,
          nicolae_stop_n_shop_2, uniq_grinder
D:7:      layout_loops_ring, minmay_diced_spiral, uniq_maggie
D:8:      cheibrodos_barr_body, layout_cave_pods, minmay_misc_feat_iff,
          minmay_shop_enchanted_jewellery
D:9:      layout_stronghold, erik_lair_orcish_takeover, orc_0_dummy
D:10:     layout_basic, gammafunk_ghost_hydra_chop, minmay_tree_intersection,
          kennysheep_path_1, minivault_25, minivault_16
D:11:     layout_basic, nicolae_dithmenos_the_darkroom, uniq_josephine,
          uniq_sonja
D:12:     minmay_the_grid_square_5x5_3x3
          [minmay_the_grid_square_5x5_two_walls_b,
          minmay_the_grid_square_5x5_pentomino_r,
          minmay_the_grid_square_5x5_six, minmay_the_grid_square_5x5_slash,
          minmay_the_grid_square_5x5_megaprize_diamond,
          minmay_the_grid_square_5x5_two_walls_a,
          minmay_the_grid_square_5x5_sharp_hourglass,
          minmay_the_grid_square_5x5_three,
          minmay_the_grid_square_5x5_intrusive_squares], layout_small_grid,
          hellmonk_ghost_happy_afterlife
D:13:     four-leaf_vault, layout_rooms, david_vaults_4, serial_shops,
          nicolae_shop_statue_plus, uniq_jorgrun
D:14:     layout_long_grid, good_gods_mini_temple, nicolae_wu_jian_wuxing_cycle
Temple:   kilobyte_greek_temple
Lair:1:   layout_cellular_growth, grunt_megastairs_5
Lair:2:   layout_regular_city, kennysheep_rathole
Lair:3:   layout_chaotic_city, minmay_swamp_entry_worms,
          guppyfry_snake_entry_island, ebering_ghost_rock_garden
Lair:4:   layout_roguey [special_room_bee], minmay_lair_oklob_chamber,
          uniq_nergalle
Lair:5:   layout_big_grid, serial_rivers, chequers_serial_rivers_micro_d,
          chequers_serial_rivers_large_a, chequers_serial_rivers_marsh,
          chequers_serial_rivers_marsh, chequers_serial_rivers_large_b,
          chequers_serial_rivers_micro_b
Lair:6:   grunt_lair_end_beastmaster, layout_concentric_octagons, slime_altar_1,
          special_room [special_room_jelly]
Swamp:1:  layout_falls_marsh, nicolae_swamp_round_clearing
Swamp:2:  layout_falls_marsh, evilmike_swamp_ruin_rubble_1, uniq_frances,
          uniq_nikola
Swamp:3:  layout_basic_swamp, hangedman_swamp_ruin_hall, swamp_pool1
Swamp:4:  swamp, layout_basic_swamp, gammafunk_ghost_berserking_beasts,
          uniq_kirke
Orc:1:    layout_caves, uniq_fannar
Orc:2:    st_orc_mages, layout_caves, gauntlet_entry_generic, serial_shops, shop

Skill      XL: |  1  2  3  4  5  6  7  8  9 10 11 12 13 14 15 16 |
---------------+-------------------------------------------------+-----
Armour         | 1 2 3 4 6 8 10 12 13 15 16 17 | 17.5
Fighting       | 4 5 6 7 9 10 11 13 14 15 | 15.8
Axes           | 5 6 7 8 10 11 12 14 15 16 17 | 17.0
Shields        | 6 10 12 | 12.4
Invocations    | 1 6 |  6.5
Dodging        | |  2.4
Stealth        | |  1.5

Action                   |  1- 3 |  4- 6 |  7- 9 | 10-12 | 13-15 | 16-18 || total
-------------------------+-------+-------+-------+-------+-------+-------++-------
Melee: Hand axe          |   147 |    81 |       |       |       |       ||   228
       War axe           |       |    98 |   167 |       |       |       ||   265
       Executioner's axe |       |       |    90 |   179 |    41 |       ||   310
       Broad axe         |       |       |       |       |   541 |    17 ||   558
Throw: Stone             |    19 |    45 |     1 |       |       |       ||    65
       Boomerang         |     3 |       |       |       |       |       ||     3
       Dart              |       |       |    14 |    21 |    38 |       ||    73
Invok: Convert to Beogh  |       |     1 |       |       |       |       ||     1
       Give Item to Name |       |       |       |       |     3 |       ||     3
       Recall Orcish Fol |       |       |       |       |     2 |       ||     2
       Smiting           |       |       |       |       |     2 |       ||     2
       Resurrection      |       |       |       |       |     1 |       ||     1
Evoke: Wand              |       |       |     1 |     1 |     7 |       ||     9
  Use: Scroll            |       |     1 |    22 |     7 |    14 |     2 ||    46
       Potion            |       |       |       |     4 |     2 |       ||     6
 Stab: Distracted        |       |       |     1 |     3 |    11 |     1 ||    16
       Confused          |       |       |       |       |     1 |       ||     1
       Paralysed         |       |       |       |       |     2 |       ||     2
       Fleeing           |       |       |       |       |     1 |       ||     1
Armor: Chain mail        |    25 |       |       |       |       |       ||    25
       Plate armour      |    76 |   151 |   163 |   241 |   210 |       ||   841
       Swamp dragon scal |       |       |       |       |   110 |    63 ||   173
Dodge: Dodged            |    62 |    92 |    90 |   135 |   128 |    32 ||   539
Block: Tower shield      |       |       |       |       |   633 |    66 ||   699
